 Dungeon Sprint DCSS version 0.30-a0-879-ga8ba668304 (webtiles) character file.

Game seed: 6509688898518763108

2220 rocky1 the Fighter (level 9, -19/111 HPs)
             Began as an Ogre Gladiator on Mar 14, 2023.
             Was an Initiate of Gozag.
             Demolished by a white ugly thing (20 damage)
             ... in the Dungeon (Sprint IX: "|||||||||||||||||||||||||||||").
             The game lasted 00:03:25 (1037 turns).

rocky1 the Fighter (Ogre Gladiator)                 Turns: 1037, Time: 00:03:27

Health: -19/111    AC:  6    Str: 24    XL:     9   Next: 35%
Magic:  9/9        EV: 14    Int:  9    God:    Gozag
Gold:   235        SH:  0    Dex: 13    Spells: 8/8 levels left

rFire   . . .      SeeInvis .    p - +4 quarterstaff (speed)
rCold   . . .      Faith    .    (shield currently unavailable)
rNeg    . . .      Spirit   .    b - +0 robe
rPois   .          Reflect  .    c - +0 hat
rElec   .          Rampage  .    q - +0 cloak
rCorr   .          NoTele   +    (gloves unavailable)
Will    .....                    (boots unavailable)
Stlth   +                        (no amulet)
HPRegen 0.38/turn                r - +2 ring of protection
MPRegen 0.11/turn                s - +3 ring of dexterity

@: gold aura, invisible (expiring)
A: large, unfitting armour, tough skin 1
a: Renounce Religion, Potion Petition, Call Merchant, Bribe Branch


You were in the Dungeon.
You worshipped Gozag.
Gozag was aware of your devotion.
You visited 1 branch You collected 603 gold pieces.
You paid 368 gold pieces to Gozag.

Inventory:

Hand Weapons
 a - a +0 flail
 o - a +2 dire flail of draining
 p - a +4 quarterstaff of speed (weapon)
Missiles
 d - 2 throwing nets (quivered)
 e - a large rock
Armour
 b - a +0 robe (worn)
 c - a +0 hat (worn)
 q - a +0 cloak (worn)
Jewellery
 r - a +2 ring of protection (left hand)
 s - a +3 ring of dexterity (right hand)
Wands
 n - a wand of quicksilver (10)
Scrolls
 k - 2 scrolls of blinking
 m - 2 scrolls of amnesia
Potions
 f - 5 potions of curing
 h - a potion of haste
 i - 4 potions of magic


   Skills:
 + Level 13.7 Fighting
 * Level 13.7 Maces & Flails
 - Level 2.0 Throwing
 + Level 10.1 Dodging


You had 8 spell levels left.
You didn't know any spells.
Your spell library was empty.

Dungeon Overview and Level Annotations

Branches:
Dungeon (1/1)

Altars:
Cheibriados
Dithmenos
Elyvilon
Fedhas
Gozag
Hepliaklqana
Kikubaaqudgha
Makhleb
Nemelex Xobeh
Okawaru
Qazlal
Ru
Sif Muna
Trog
Uskayaw
Vehumet
Wu Jian
Xom
Yredelemnul
Zin
The Shining One
Jiyva
Lugonu


Innate Abilities, Weirdness & Mutations

You are too large for most types of armour.
You have tough skin. (AC +1)


Message History

You hit the cyclops.
The cyclops is severely wounded.
You sock the cyclops!
The cyclops is almost dead.
The cyclops barely misses you.
You hit the cyclops.
The cyclops is almost dead.
You hit the cyclops.
You kill the cyclops!
Your Dodging skill increases to level 10!
Unknown command.
You sock the white ugly thing!
The white ugly thing is lightly wounded.
You flicker for a moment.
You catch the helpless white ugly thing completely off-guard!
You hit the white ugly thing but do no damage.
The white ugly thing is lightly wounded.
The white ugly thing barely misses you.
Things that are here:
252 gold pieces; 5 large rocks You closely miss the white ugly thing.
The white ugly thing is lightly wounded.
You sock the white ugly thing!
The white ugly thing is moderately wounded.
The white ugly thing closely misses you.
You closely miss the white ugly thing.
The white ugly thing is moderately wounded.
You closely miss the white ugly thing.
The white ugly thing is moderately wounded.
The white ugly thing stings you!
* * * LOW HITPOINT WARNING * * *
The white ugly thing freezes you!
* * * LOW HITPOINT WARNING * * *
You hit the white ugly thing.
The white ugly thing is heavily wounded.
The white ugly thing stings you.
* * * LOW HITPOINT WARNING * * *
The white ugly thing freezes you!!
You die...
Your body crumbles into a pile of gold. ▓▓▓▓▓▓▓▓▓▓▓▓▓▓▓▓▓▓▓▓ +.u@$$.$....).'..[[. ▓▓▓▓▓▓▓▓▓▓▓▓▓▓▓▓▓▓▓▓ $ $$$$$ $ $ $

You could see a white ugly thing (unable to see you).

Vanquished Creatures
  A centaur warrior (D)
  A manticore (D)
  A cyclops (D)
  A hornet (D)
  A vampire (D)
  3 yaks (D)
  A centaur (D)
  An adder (D)
  A shadow imp (D)
  A white imp (D)
  An endoplasm (D)
  A goblin (D)
  2 hobgoblins (D)
  A jackal (D)
  A kobold (D)
18 creatures vanquished.

Vanquished Creatures (others)
  A deep elf pyromancer (D)
  A vampire mosquito (D)
  An orc wizard (D)
3 creatures vanquished.

Grand Total: 21 creatures vanquished

Notes
Turn   | Place    | Note
-------+----------+-------------------------------------------
     0 | D        | rocky1 the Ogre Gladiator began the quest for the Orb.
     0 | D        | Reached XP level 1. HP: 22/22 MP: 1/1
   261 | D        | Noticed an orc wizard
   268 | D        | Reached XP level 2. HP: 10/32 MP: 2/2
   270 | D        | HP: 1/32 [white imp/puff of frost (10)]
   279 | D        | Reached XP level 3. HP: 30/40 MP: 3/3
   289 | D        | Reached skill level 5 in Fighting
   289 | D        | Reached skill level 5 in Maces & Flails
   721 | D        | Found a snail-covered altar of Cheibriados.
   721 | D        | Found a shadowy altar of Dithmenos.
   721 | D        | Found a white marble altar of Elyvilon.
   721 | D        | Found a blossoming altar of Fedhas.
   721 | D        | Found an opulent altar of Gozag.
   722 | D        | Found a hazy altar of Hepliaklqana.
   723 | D        | Found a viscous altar of Jiyva.
   724 | D        | Found an ancient bone altar of Kikubaaqudgha.
   725 | D        | Found a corrupted altar of Lugonu.
   728 | D        | Found a burning altar of Makhleb.
   729 | D        | Found a sparkling altar of Nemelex Xobeh.
   730 | D        | Found an iron altar of Okawaru.
   731 | D        | Found a stormy altar of Qazlal.
   732 | D        | Found a sacrificial altar of Ru.
   733 | D        | Found a shimmering blue altar of Sif Muna.
   734 | D        | Found a bloodstained altar of Trog.
   735 | D        | Found a hide-covered altar of Uskayaw.
   736 | D        | Found a radiant altar of Vehumet.
   737 | D        | Found an ornate altar of the Wu Jian Council.
   745 | D        | Became a worshipper of Gozag Ym Sagoz the Greedy
   753 | D        | Found a shimmering altar of Xom.
   754 | D        | Found a basalt altar of Yredelemnul.
   755 | D        | Found a glowing silver altar of Zin.
   756 | D        | Found a glowing golden altar of the Shining One.
   791 | D        | Noticed a centaur
   791 | D        | Noticed a yak
   791 | D        | Noticed a vampire
   791 | D        | Noticed a yak
   791 | D        | Noticed a yak
   791 | D        | Noticed a hornet
   795 | D        | Killed a hornet
   796 | D        | Reached XP level 4. HP: 58/58 MP: 4/4
   796 | D        | Reached XP level 5. HP: 66/66 MP: 5/5
   796 | D        | Reached XP level 6. HP: 74/74 MP: 6/6
   798 | D        | Killed a yak
   801 | D        | Killed a yak
   802 | D        | Reached skill level 10 in Fighting
   802 | D        | Reached skill level 10 in Maces & Flails
   802 | D        | Reached XP level 7. HP: 85/85 MP: 7/7
   815 | D        | Killed a vampire
   824 | D        | Killed a yak
   831 | D        | Reached XP level 8. HP: 37/97 MP: 8/8
   995 | D        | Noticed a white ugly thing
   995 | D        | Noticed a cyclops
   995 | D        | Noticed a manticore
   995 | D        | Noticed a centaur warrior
   995 | D        | Noticed a deep elf pyromancer
  1000 | D        | Killed a deep elf pyromancer
  1009 | D        | Killed a centaur warrior
  1021 | D        | Killed a manticore
  1022 | D        | Reached XP level 9. HP: 48/110 MP: 9/9
  1029 | D        | Killed a cyclops
  1030 | D        | Reached skill level 10 in Dodging
  1036 | D        | HP: 2/111 [white ugly thing (12)]
  1037 | D        | Demolished by a white ugly thing

Illustrated notes

Levels and vault maps discovered:
D:        linesprint [early_d, line_temple, items_1, d_10, items_2, lair_1,
          lair_end, items_3, orc_1, orc_end, items_4, d_15, swamp_1, shoals_1,
          snake_1, spider_1, d_20, vaults_1, items_5, swamp_end, shoals_end,
          snake_end, spider_end, vaults_end, d_27, items_6, zot_1, zot_end,
          crypt_end, forest_end, elf_end, slime_end, tomb_end, abyss_end,
          pan_hell_end]

Skill      XL: |  1  2  3  4  5  6  7  8  9 |
---------------+----------------------------+-----
Fighting       | 3 4 8 10 11 13 | 13.7
Maces & Flails | 3 4 8 10 11 13 | 13.7
Dodging        | 3 6 7 8 9 10 | 10.1
Throwing       | |  2.0

Action                     |  1- 3 |  4- 6 |  7- 9 || total
---------------------------+-------+-------+-------++-------
  Melee: Flail             |    39 |       |       ||    39
         Punch             |     1 |       |       ||     1
         Quarterstaff      |     3 |     6 |    60 ||    69
  Throw: Throwing net      |     2 |       |       ||     2
 Invoke: Potion Petition   |       |       |     1 ||     1
    Use: Potion            |     2 |       |     3 ||     5
   Stab: Held in net/web   |     1 |       |       ||     1
         Invisible         |       |       |     6 ||     6
 Armour: Robe              |     4 |     1 |    13 ||    18
  Dodge: Dodged            |    18 |       |    30 ||    48

Table legend: (Time is in decaauts)
 A = Elapsed time spent in this place.
 B = Non-inter-level travel time spent in this place.
 C = Inter-level travel time spent in this place.
 D = Time resting spent in this place.
 E = Time spent auto-exploring this place.
 F = Levels seen in this place.
 G = Mean time per level.
                   A        B        C        D        E       F      G
               +--------+--------+--------+--------+--------+-----+--------+
         Total |   1023 |   1023 |      0 |    809 |      0 |   1 | 1023.0 |
       Dungeon |   1023 |   1023 |      0 |    809 |      0 |   1 | 1023.0 |
               +--------+--------+--------+--------+--------+-----+--------+

Top non-repeatable levels by time:
       D: 1023 daAuts
